AoeStats
← BOZO

Black Forest

510817226Analyzed
2v2 RM · 18h ago on Oct 2, 2026· 51m 54s· 4 players
Game mode
Random Map
Map size
Medium (4 player)
Population
200
Speed
Normal
Resources
Standard
Victory
Conquest
Starting age
Dark Age
Ending age
Imperial Age
RankedLock teamsTeams togetherTeam positionsShared explorationLock speedFull tech treeHidden civsTurbo modeCheats
Victory
Defeat
🇪🇸 Burmese · Spain
815
+12
🇫🇮 Franks · Finland
765
+14
🇹🇷 Britons · Türkiye
790
-16
🇹🇷 Japanese · Türkiye
657
-10
guerras90
9:56 Loom
12:09 Feudal Age
20:16 Castle Age
18:00 Man-at-Arms
19:01 Gold Mining
18:54 Horse Collar
19:38 Scale Mail Armor
20:39 Long Swordsman
21:19 Gambesons
22:27 Pikeman
24:55 Squires
26:14 Forging
29:39 Chain Mail Armor
30:24 Arson
31:39 Heavy Plow
36:42 Imperial Age
35:41 Wheelbarrow
37:30 Hand Cart
37:12 Two-Handed Swordsman
37:13 Halberdier
39:09 Iron Casting
39:47 Stone Mining
41:23 Crop Rotation
40:25 Capped Ram
42:35 Conscription
42:51 Siege Engineers
43:48 Chemistry
42:30 Treadmill Crane
43:11 Ballistics
43:47 Champion
46:52 Elite Arambai
50:46 Gold Shaft Mining
50:01 Elite Skirmisher
50:42 Murder Holes
51:00 Masonry
Klingarn
0:56 Loom
15:10 Feudal Age
15:45 Gold Mining
15:42 Double-Bit Axe
21:24 Forging
21:19 Scale Barding Armor
26:37 Castle Age
27:53 Gold Shaft Mining
27:44 Husbandry
28:23 Iron Casting
28:09 Chain Barding Armor
28:04 Bow Saw
33:48 Stone Mining
36:09 Wheelbarrow
37:47 Hand Cart
42:13 Imperial Age
39:29 Town Watch
40:04 Murder Holes
40:29 Ballistics
39:50 Treadmill Crane
40:21 Fortified Wall
40:21 Masonry
40:06 Fletching
42:15 Cavalier
44:00 Blast Furnace
43:36 Plate Barding Armor
42:57 Bodkin Arrow
44:03 Chemistry
43:09 Siege Engineers
43:29 Conscription
42:36 Onager
42:42 Onager
43:50 Town Patrol
44:27 Architecture
44:01 Chivalry
44:19 Paladin
46:27 Caravan
51:55 Hoardings
BOZO
0:27 Loom
11:46 Feudal Age
13:28 Double-Bit Axe
21:35 Castle Age
19:37 Horse Collar
21:25 Wheelbarrow
21:05 Town Watch
22:18 Wheelbarrow
21:30 Town Watch
23:04 Stone Mining
23:06 Gold Mining
23:25 Heavy Plow
32:11 Imperial Age
30:40 Bow Saw
32:29 Fletching
32:39 Padded Archer Armor
33:28 Conscription
33:19 Treadmill Crane
34:43 Gold Shaft Mining
35:00 Bodkin Arrow
35:21 Leather Archer Armor
35:16 Siege Engineers
35:21 Masonry
36:11 Hand Cart
36:11 Bracer
36:45 Town Patrol
37:22 Ballistics
38:45 Chemistry
38:17 Architecture
40:00 Two-Man Saw
40:35 Onager
41:50 Ring Archer Armor
41:44 Yeomen
41:38 Elite Longbowman
42:05 Elite Skirmisher
50:03 Pikeman
50:44 Squires
51:27 Halberdier
icerali
11:57 Feudal Age
13:18 Wheelbarrow
13:29 Wheelbarrow
13:28 Horse Collar
13:51 Double-Bit Axe
18:33 Loom
27:16 Castle Age
28:42 Hand Cart
30:41 Heavy Plow
Connection lost

Rejoining the realm…

Still unreachable

The connection could not be restored.

Session expired

The server has moved on; the page needs a fresh start.